 Dungeon Crawl Stone Soup version 0.22.0 (webtiles) character file.

113 Gergoth the Chopper (level 4, 0/42 HPs)
             Began as a Hill Orc Monk on Aug 10, 2018.
             Slain by an iguana (7 damage)
             ... on level 3 of the Dungeon.
             The game lasted 00:03:31 (2323 turns).

Gergoth the Chopper (Hill Orc Monk)                 Turns: 2323, Time: 00:03:32

Health: 0/42       AC:  8    Str: 14    XL:     4   Next: 96%
Magic:  4/4        EV:  6    Int: 10    God:
Gold:   128        SH:  0    Dex: 13    Spells: 1/3 levels left

rFire    . . .     SeeInvis .   a - +0 hand axe
rCold    . . .     Gourm    .   (no shield)
rNeg     . . .     Faith    .   s - +0 chain mail (curse)
rPois    .         Spirit   .   (no helmet)
rElec    .         Reflect  .   (no cloak)
rCorr    .         Harm     .   (no gloves)
MR       .....                  (no boots)
Stlth    ..........             (no amulet)
HPRegen  0.14/turn              (no ring)
MPRegen  0.09/turn              (no ring)

@: no status effects
A: no striking features
a: no special abilities


You were on level 3 of the Dungeon.
You were not hungry.

You visited 1 branch of the dungeon, and saw 3 of its levels.

You collected 128 gold pieces.

Inventory:

Hand Weapons
 a - a +0 hand axe (weapon)
Armour
 o - a +0 shield
 s - a cursed +0 chain mail (worn)
Scrolls
 b - a scroll of noise {unknown}
 h - a scroll of immolation {unknown}
 i - a scroll of teleportation {unknown}
 j - a scroll of blinking {unknown}
 m - a scroll of fear {unknown}
 n - 2 scrolls of identify {unknown}
 r - a scroll of enchant armour {unknown}
Potions
 d - a potion of might {unknown}
 e - a potion of mutation {unknown}
 g - 2 potions of magic {unknown}
 k - 3 potions of flight {unknown}
 l - 2 potions of degeneration {unknown}
 p - 2 potions of cancellation {unknown}
 q - 2 potions of curing {unknown}
 t - a potion of agility {unknown}
 u - a potion of heal wounds {unknown}
Comestibles
 c - 3 rations
 f - 2 chunks of flesh


   Skills:
 + Level 5.0 Fighting
 + Level 5.6 Axes
 - Level 2.4 Dodging
 - Level 1.6 Stealth
 + Level 1.5 Shields


You had one spell level left.
You knew the following spells:

 Your Spells              Type           Power        Failure   Level  Hunger
a - Blink                 Tloc           N/A          100%        2    ###....

Your spell library contained the following spells:

 Spells                   Type           Power        Failure   Level  Hunger
 Magic Dart               Conj           #...         100%        1    ##.....
 Conjure Flame            Conj/Fire      #.......     100%        3    ####...
 Slow                     Hex            #.......     100%        2    ###....
 Mephitic Cloud           Conj/Pois/Air  #.......     100%        3    ####...
 Call Imp                 Summ           #.......     100%        2    ###....


Dungeon Overview and Level Annotations

Branches:
Dungeon (3/15)

Altars:


Message History

You hit the iguana but do no damage.
The iguana is heavily wounded.
You barely miss the jackal.
The iguana bites you but does no damage.
The jackal bites you but does no damage.
Your chain mail prevents you from hitting the iguana.
The iguana is heavily wounded.
You hit the jackal.
The jackal bites you but does no damage.
The iguana barely misses you. The jackal barely misses you.
Your chain mail prevents you from hitting the iguana.
The iguana is heavily wounded.
You hit the jackal.
You kill the jackal!
The iguana bites you.
* * * LOW HITPOINT WARNING * * *
You hit the iguana but do no damage.
The iguana is heavily wounded.
The iguana bites you!
You die...

... # #.# ####.# #.# .
#.[. #.#
....#########.######.#.#
....'..)†@l.(.(..>##.#.#
.h..#########.###.##.#.#
. ...# #.##.#÷##. #####
#.##...... #.##...###
#.##...# #.##...#
#.##...# #......#


You could see an iguana.

Vanquished Creatures
  Natasha (D:3)
  3 adders (D:2)
  A worm (D:2)
  A leopard gecko (D:3)
  10 bats
  5 giant cockroaches
  6 goblins
  8 hobgoblins
  A jackal (D:3)
  2 kobolds (D:1)
  2 quokkas
  A ball python (D:1)
  10 frilled lizards
  8 rats
59 creatures vanquished.

Notes
Turn   | Place    | Note
-------+----------+-------------------------------------------
     0 | D:1      | Gergoth the Hill Orc Monk began the quest for the Orb.
     0 | D:1      | Reached XP level 1. HP: 19/19 MP: 1/1
   306 | D:1      | Reached XP level 2. HP: 27/27 MP: 2/2
   881 | D:1      | Reached XP level 3. HP: 30/33 MP: 3/3
   973 | D:2      | Reached skill level 5 in Axes
  1442 | D:2      | Learned a level 2 spell: Blink
  1611 | D:2      | Reached XP level 4. HP: 40/41 MP: 4/4
  1666 | D:2      | Reached skill level 1 in Shields
  2086 | D:3      | Noticed Natasha
  2104 | D:3      | Killed Natasha
  2104 | D:3      | Reached skill level 5 in Fighting
  2323 | D:3      | Slain by an iguana

Skill      XL: |  1  2  3  4 |
---------------+-------------+-----
Fighting       | 4 5 |  5.0
Axes           | 5 |  5.6
Shields        | 1 |  1.5
Dodging        | |  2.4
Stealth        | |  1.6

Action                   |  1- 3 |  4- 6 || total
-------------------------+-------+-------++-------
Melee: Hand axe          |   122 |   130 ||   252
 Stab: Sleeping          |     4 |       ||     4
  Eat: Chunk             |     2 |     3 ||     5
Armor: Robe              |     2 |       ||     2
       Ring mail         |    40 |     9 ||    49
       Chain mail        |       |    71 ||    71
Dodge: Dodged            |    68 |    50 ||   118
